 Dungeon Crawl Stone Soup version 0.31.0-11-ge490571c62 (webtiles) character file.

Game seed: 4068889878730253693

1593578 dannycarnage the Conqueror (level 26, 266/266 HPs)
             Began as a Minotaur Berserker on Jan 26, 2024.
             Was a High Priest of Trog.
             Escaped with the Orb
             ... and 3 runes
             ... and 1 gem (0 intact) on Jan 27, 2024!
             The game lasted 06:01:28 (86631 turns).

dannycarnage the Conqueror (Minotaur Berserker)    Turns: 86631, Time: 06:01:28

Health: 266/266    AC: 42    Str: 32    XL:     26   Next: 2%
Magic:  22/22      EV: 22    Int: 10    God:    Trog [*****.]
Gold:   3666       SH: 37    Dex: 15    Spells: 25/25 levels left

rFire   + + .        b - +9 demon whip (spect)
rCold   + . .        v - +8 tower shield of Towiporuan {rPois rN++}
rNeg    + + .        W - +2 gold dragon scales
rPois   +            Q - +2 hat
rElec   +            T - +1 cloak of Starlight {*Dazzle EV+4 Stlth--}
rCorr   .            j - +0 pair of gloves "Ableh" {+Blink rElec rF+ Int-4}
SInv    +            o - +4 pair of boots of Intuition {rElec Will+ Int+2}
Will    ++...        Z - amulet of reflection Stlth
                     k - ring of Hobanuwydd {Str+2 Int+6 Dex+3 Slay+2}
HPRegen 0.64/turn    S - ring of see invisible
MPRegen 0.18/turn

%: reflection
@: studying Throwing
A: horns 2, retaliatory headbutt, mutation resistance 2
0: Orb of Zot
}: 3/15 runes: barnacled, silver, gossamer
a: Renounce Religion, Evoke Blink, Berserk, Trog's Hand, Brothers in Arms


You escaped.
You worshipped Trog.
Trog was extremely pleased with you.
You visited 9 branches of the dungeon, and saw 47 of its levels.
You visited 1 bazaar.
You also visited: Trove.

You collected 7398 gold pieces.
You spent 3732 gold pieces at shops.

Inventory:

Hand Weapons
 a - a +2 antimagic war axe
 b - a +9 spectral demon whip (weapon)
Missiles
 c - 12 curare-tipped darts
 s - 4 throwing nets
 y - 5 darts of dispersal
 E - 7 boomerangs (quivered)
Armour
 j - the +0 pair of gloves "Ableh" (worn) {+Blink rElec rF+ Int-4}
   (You found it on level 1 of the Shoals)

   Int-4:     It affects your intelligence (-4).
   rF+:       It protects you from fire.
   rElec:     It insulates you from electricity.
   +Blink:    It lets you blink.
 o - the +4 pair of boots of Intuition (worn) {rElec Will+ Int+2}
   (You found it on level 5 of the Vaults)

   Int+2:     It affects your intelligence (+2).
   rElec:     It insulates you from electricity.
   Will+:     It increases your willpower.
 p - a +2 pair of boots of rampaging
 v - the +8 tower shield of Towiporuan (worn) {rPois rN++}
   (You found it in a treasure trove)

   rPois:     It protects you from poison rN++: It greatly protects you from
   negative energy.
 w - a +4 kite shield of cold resistance
 A - the +0 pair of gloves "Weazorewn" {MP+9 Dex+3}
   (You found it in a treasure trove)

   Dex+3:     It affects your dexterity (+3).
   MP+9:      It affects your magic capacity (+9).
 H - the +11 plate armour "Xachiocs" {Rampage +Blink rN+}
   (You bought it in a shop on level 2 of the Vaults)

   rN+:       It protects you from negative energy.
   +Blink:    It lets you blink.
   Rampage:   It bestows one free step when moving towards enemies.
 Q - a +2 hat (worn)
 T - the +1 cloak of Starlight (worn) {*Dazzle EV+4 Stlth--}
   (You found it on level 15 of the Dungeon)

   *Dazzle:   It may blind those who miss an attack against the wearer in melee
   combat.
   EV+4:      It affects your evasion (+4).
   Stlth--:   It makes you much less stealthy.
 W - +2 gold dragon scales (worn)
Jewellery
 k - the ring of Hobanuwydd (left hand) {Str+2 Int+6 Dex+3 Slay+2}
   (You found it on level 1 of the Elven Halls)

   [ring of intelligence]

   Str+2:     It affects your strength (+2).
   Int+6:     It affects your intelligence (+6).
   Dex+3:     It affects your dexterity (+3).
   Slay+2:    It affects your accuracy & damage with ranged weapons and melee
   (+2).
 C - a ring of resist corrosion
 F - a ring of protection from fire
 I - a ring of protection from cold
 K - a ring of protection from cold
 N - a ring of positive energy
 P - a ring of poison resistance
 S - a ring of see invisible (right hand)
 Z - an amulet of reflection (around neck)
Wands
 r - a wand of charming (30)
 D - a wand of digging (4)
 L - a wand of acid (20)
 U - a wand of polymorph (19)
 X - a wand of iceblast (37)
 Y - a wand of mindburst (27)
Scrolls
 e - 6 scrolls of poison
 g - 6 scrolls of fear
 i - 4 scrolls of silence
 m - 5 scrolls of vulnerability
 t - 16 scrolls of teleportation
 B - 5 scrolls of blinking
 G - 4 scrolls of fog
 M - a scroll of summoning
 O - 3 scrolls of revelation
Potions
 d - 10 potions of might
 f - 6 potions of ambrosia
 h - 2 potions of haste
 l - 6 potions of heal wounds
 n - 2 potions of resistance
 q - 21 potions of curing
 u - 3 potions of invisibility
 x - 6 potions of enlightenment
 J - a potion of mutation
 R - 4 potions of cancellation
 V - 12 potions of lignification
Miscellaneous
 z - a phial of floods


   Skills:
 O Level 27 Fighting
 - Level 16.0(16.2) Axes
 - Level 5.0(11.5) Maces & Flails
 - Level 10.0 Throwing
 O Level 27 Armour
 + Level 23.2 Dodging
 + Level 25.2 Shields
 - Level 8.0 Evocations


You had 25 spell levels left.
You didn't know any spells.
Your spell library was empty.

Dungeon Overview and Level Annotations

Branches:
Dungeon (15/15)            Temple (0/1) D:7            Lair (5/5) D:8
 Shoals (4/4) Lair:2       Spider (4/4) Lair:2        Slime (0/5) Lair:4
    Orc (2/2) D:12            Elf (3/3) Orc:2        Vaults (5/5) D:14
  Crypt (0/3) Vaults:3     Depths (4/4) D:15            Zot (5/5) Depths:4

Altars:
Ashenzari
Cheibriados
Dithmenos
Fedhas
Hepliaklqana
Kikubaaqudgha
Makhleb
Qazlal
Ru
Sif Muna
Trog
Uskayaw
Vehumet
Xom
Yredelemnul
Zin
The Shining One
Jiyva
Lugonu

Shops:
D:1 !   D:11 *   Orc:1 (*   Orc:2 (([*:   Vaults:2 [   Vaults:4 (
Depths:1 *?:   Depths:3 (((=

Portals:
Hell: Depths:1 Depths:2 Depths:3 Depths:4
Abyss: Shoals:1 Vaults:2 Depths:1 Depths:3 Depths:4
Pandemonium: Depths:1 Depths:2
Ziggurat: Depths:4

Annotations:
D:9 4 runed translucent doors
D:13 exclusion: 2 doors
D:15 Roxanne
Lair:1 exclusion: oklob plant
Lair:2 3 runed translucent doors, exclusion: 3 doors, jazmu's ghost, journeyman DgHu
Lair:3 3 runed translucent doors, Dikli's ghost, journeyman MiBe; Feulaj's ghost, journeyman MiBe; NitroKuite's ghost, journeyman GrEE; Xiemaice's ghost, journeyman DrFE
Orc:1 exclusion: oklob plant
Elf:1 2 transporters, p0werm0de's ghost, journeyman BaCK
Elf:2 3 runed translucent doors, exclusion: 3 doors
Vaults:2 2 transporters
Depths:1 1 exclusion
Depths:4 exclusion: shining eye
Zot:4 1 runed translucent door, exclusion: door, Juzit's ghost, legendary GnFi


Innate Abilities, Weirdness & Mutations

You have a pair of horns on your head.
You reflexively headbutt those who attack you in melee.
You are somewhat resistant to both further mutation and mutation removal.


Message History

Your +9 spectral demon whip disappears.
A rust devil comes into view.
There is a stone staircase leading up here.
You whack the rust devil!
You headbutt the rust devil, but do no damage.
The rust devil is moderately wounded.
Your +9 spectral demon whip hits the rust devil!!
You thrash the rust devil!!
You kill the rust devil!
Trog accepts your kill.
Your +9 spectral demon whip disappears.
You climb upwards.
Your extra speed is starting to run out.
There is a stone staircase leading down, spattered with blood here.
You feel yourself slow down.
Things that are here:
a +0 leather armour; a +0 trident
There is a stone staircase leading up here.
You climb upwards.
There is a stone staircase leading down here.
There is an open door here.
There is an open door here.
There is a stone staircase leading up here.
You climb upwards.
The ball python hisses angrily.
There is a stone staircase leading down here.
A ball python is nearby!
You thrash the ball python!!
You kill the ball python!
Trog accepts your kill.
There is a stone staircase leading up here.
You climb upwards.
There is a stone staircase leading down here.
There is a stone staircase leading up here.
You climb upwards.
There is a stone staircase leading down here.
You see here a +0 hand axe.
There is an open door here.
There is a staircase leading out of the dungeon here.
You have escaped!

.........#.###.#...# #...........
#...........#....#(###.#####..##.
...#####.....#...#...#.# #.....
.............#.#####...# #.>###
...####.####.#...#...### #..#
#.## #.# ##..#'#..## #..#
#.#####.# #.##.#..# #..#
.#......# ####.#### #..#
#.####..# #..@..# #..#
#.####..########.######### #).#
#........+.............'.###..#
#.####..#####.#####.####......#
#.## #.....##.#####.##...####.###
#..# #..##.'.........+.### #.....
#..# #..########.###########.....
#..# #..# #...........#..........
#..# #..########.###########.....


There were no monsters in sight!

Vanquished Creatures
  Frederick (Vaults:3)
  A dread lich (Zot:5)
  3 orbs of fire (Zot:5)
  2 ancient liches
  Mara (Elf:3)
  Vv (Zot:2)
  Boris (Vaults:2)
  Sojobo (Vaults:5)
  6 Killer Klowns
  3 curse toes
  9 golden dragons
  Nikola (Vaults:2)
  Norris (Vaults:3)
  2 doom hounds (Depths:4)
  The ghost of Skimidon the Warrior, an adept DsMo of Gozag (Vaults:2)
  An electric golem (Zot:5)
  An Ice Fiend (Depths:1)
  18 tentacled monstrosities
  Grunn (Zot:1)
  A Hell Sentinel (Zot:3)
  Zenata (Vaults:1)
  21 Orb Guardians
  10 titans
  A walking frostbound tome (Depths:3)
  2 deep elf blademasters (Elf:3)
  A walking earthen tome (Depths:3)
  8 death cobs
  3 deep elf master archers (Elf:3)
  5 quicksilver dragons
  Asterion (Spider:2)
  8 sphinxes
  Agnes (Spider:4)
  14 shadow dragons
  5 tengu reavers
  2 draconian monks
  11 storm dragons
  7 fire giants
  3 protean progenitors (Zot:4)
  3 emperor scorpions (Spider:4)
  4 iron dragons
  7 frost giants
  11 deep elf sorcerers
  2 draconian knights (Zot:2)
  A deep elf elementalist (Elf:1)
  2 orc warlords
  Louise (Elf:3)
  16 vault wardens
  21 ironbound preservers
  4 angels (Zot:1)
  A cacodemon (Vaults:2)
  2 spriggan defenders
  3 broodmothers
  8 ghost moths
  2 balrugs
  4 draconian annihilators
  2 draconian stormcallers
  9 ironbound thunderhulks
  7 very ugly things
  4 formless jellyfish
  13 stone giants
  A vampire knight (Depths:3)
  A caustic shrike skeleton (Depths:2)
  13 green draconians
  6 deep elf death magi
  5 war gargoyles
  4 deep elf demonologists
  Azrael (Elf:2)
  2 white draconians
  2 dire elephants
  3 lorocyprocas
  6 spark wasps
  8 black draconians
  2 yellow draconians
  5 purple draconians
  13 deep elf annihilators
  6 red draconians
  3 jiangshi (Depths:1)
  3 merfolk javelineers
  9 merfolk impalers
  A blizzard demon (Depths:1)
  4 crystal guardians
  12 ettins
  7 deep elf high priests
  An entropy weaver (shapeshifter) (D:15)
  25 yaktaur captains
  Josephine (D:14)
  5 fire dragons
  4 entropy weavers
  7 great orbs of eyes
  6 ice dragons
  A rakshasa (Vaults:2)
  41 vault guards
  A hell beast (Depths:4)
  3 catoblepae
  3 peacekeepers
  2 merfolk avatars
  2 ogre magi (Vaults:5)
  4 spriggan air magi
  7 ironbound frosthearts
  5 hydras
  An alligator snapping turtle (Shoals:4)
  2 jorogumos (Spider:4)
  2 radroaches
  Erolcha (Orc:2)
  12 centaur warriors
  10 merfolk aquamancers
  11 boulder beetles
  A juggernaut simulacrum (Depths:2)
  3 satyrs (Shoals:3)
  5 demonic crawlers
  6 two-headed ogres
  6 deep troll earth magi
  4 tengu warriors
  29 dancing weapons
  An occultist (Depths:2)
  A vampire mage (D:15)
  4 spriggan berserkers
  4 deep troll shamans
  A soul eater (Depths:1)
  4 orc high priests
  4 sun demons
  2 wretched stars
  12 deep elf knights
  A fire crab (shapeshifter) (Vaults:5)
  3 iron trolls (Depths:1)
  12 hell knights
  5 skeletal warriors (D:15)
  8 skysharks
  3 cherubim (D:15)
  11 pharaoh ants
  A salamander mystic (Depths:3)
  A shadow demon (Depths:1)
  9 sea snakes
  35 deep trolls
  A flayed ghost (Vaults:5)
  2 swamp dragons (shapeshifter)
  6 arcanists
  A sun moth (Spider:3)
  10 orb spiders
  3 glowing orange brains
  4 phantasmal warriors (Vaults:5)
  2 spriggan simulacra (Depths:2)
  A sun moth (shapeshifter) (Depths:3)
  7 orc knights
  2 lindwurms (Vaults:3)
  12 deep elf archers
  14 harpies
  14 steelbarb worms
  17 ironbound convokers
  A lindwurm (shapeshifter) (Vaults:4)
  35 deep elf pyromancers
  17 wolf spiders
  A shining eye (Shoals:1)
  22 deep elf zephyrmancers
  4 orc sorcerers (Orc:2)
  5 necromancers
  An oklob plant (Shoals:4)
  3 cyclopes
  43 ugly things
  4 salamanders
  10 fauns
  A shining eye (shapeshifter) (Zot:1)
  5 merfolk sirens
  28 moths of wrath
  10 manticores
  A glowing shapeshifter (Zot:1)
  Maurice (Orc:1)
  2 manticores (shapeshifter)
  A moth of wrath (shapeshifter) (Vaults:4)
  12 elephants
  A faun (shapeshifter) (Vaults:4)
  11 water nymphs
  3 eyes of devastation (shapeshifter)
  3 black mambas
  2 gargoyles
  3 apocalypse crabs
  2 smoke demons
  A black mamba (shapeshifter) (D:14)
  A guardian serpent (shapeshifter) (Depths:4)
  A rust devil (D:6)
  24 vault sentinels
  2 ice statues (Depths:1)
  A merfolk zombie (Shoals:1)
  5 torpor snails
  A cane toad (shapeshifter) (Vaults:5)
  Jeremiah (D:8)
  15 cane toads
  3 hellions
  2 unseen horrors
  3 rime drakes (Lair:4)
  3 kobold demonologists
  4 freezing wraiths
  45 yaktaurs
  A komodo dragon (shapeshifter) (Vaults:4)
  An ice devil (Depths:1)
  13 komodo dragons
  An efreet (D:10)
  A yaktaur (shapeshifter) (Elf:3)
  A tengu conjurer (D:14)
  7 trolls
  2 tyrant leeches (Zot:4)
  22 tarantellas
  12 hornets
  7 polar bears
  16 blink frogs
  An alligator simulacrum (Spider:4)
  A tyrant leech (shapeshifter) (Zot:1)
  2 polar bears (shapeshifter)
  25 merfolk
  Grinder (D:2)
  8 wind drakes
  Prince Ribbit (Lair:1)
  A glass eye (Depths:3)
  4 dream sheep
  14 snapping turtles
  31 jumping spiders
  3 air elementals (Elf:1)
  A centaur simulacrum (D:15)
  28 culicivoras
  21 spriggans
  A shadow (D:11)
  2 dire elephant simulacra (Spider:4)
  28 water elementals
  31 slime creatures
  A culicivora (shapeshifter) (Vaults:4)
  7 wraiths
  Eustachio (D:4)
  A ynoxinul (D:6)
  4 fire elementals
  32 yaks
  A hog (shapeshifter) (D:14)
  5 wyverns
  3 wargs
  A golden eye (Zot:3)
  50 redbacks
  9 basilisks
  A minotaur simulacrum (Spider:4)
  A steam dragon (Lair:3)
  A neqoxec (Shoals:1)
  3 vampire mosquitoes (D:14)
  2 chaos spawn (Shoals:1)
  2 hell hounds (Elf:2)
  2 acid dragons
  13 water moccasins
  A glowing shapeshifter skeleton (Depths:2)
  Pargi (D:3)
  36 orc warriors
  2 ice beasts (D:7)
  3 black bears
  9 centaurs
  9 ogres
  4 boggarts (Lair:5)
  21 wolves
  6 starcursed masses (Vaults:2)
  2 phantoms
  17 bullfrogs
  4 kobold brigands
  5 earth elementals
  2 gnoll sergeants
  2 scorpions
  4 deep troll simulacra (Spider:4)
  11 wights
  6 killer bees (D:10)
  4 howler monkeys
  7 electric eels
  Crazy Yiuf (D:3)
  2 bombardier beetles
  4 hounds
  A jelly (D:6)
  32 orc priests
  An iguana (D:5)
  Ijyb (D:4)
  Jessica (D:2)
  39 orc wizards
  A sleepcap (D:7)
  17 gnolls
  4 adders (D:2)
  A white imp (D:7)
  2 ufetubi (D:7)
  2 dart slugs
  96 orcs
  5 endoplasms
  A giant cockroach (D:1)
  4 hobgoblins
  8 jackals
  6 quokkas
  14 ball pythons
  3 bats
  4 frilled lizards
  11 goblins
  24 kobolds
  3 rats
  A spectral weapon (Spider:2)
2050 creatures vanquished.

Vanquished Creatures (collateral kills)
  2 tengu reavers (Vaults:5)
  2 vault wardens (Vaults:5)
  An orc warlord (Orc:2)
  A red draconian (Depths:4)
  An ettin (Depths:4)
  A merfolk impaler (Shoals:4)
  2 vault guards (Vaults:5)
  A hydra (Lair:3)
  Erica (D:8)
  A demonic crawler (Spider:4)
  Sonja (D:12)
  A skyshark (Vaults:3)
  3 wretched stars (D:15)
  A cherub (D:15)
  An ironbound convoker (Vaults:5)
  An orc knight (Vaults:5)
  A wolf spider (Spider:4)
  2 apocalypse crabs (Shoals:1)
  A water nymph (Shoals:4)
  3 unseen horrors (Zot:4)
  A warg (D:8)
  A redback (Spider:4)
  3 orc warriors
  An orc wizard (Orc:2)
  2 orcs
36 creatures vanquished.

Vanquished Creatures (others)
  An ironbound preserver (Vaults:3)
  An ice dragon (Depths:1)
  A merfolk aquamancer (Shoals:4)
  3 deep elf knights
  2 jumping spiders
  An orc wizard (Orc:1)
  61 spectral weapons
70 creatures vanquished.

Grand Total: 2156 creatures vanquished

Notes
Turn   | Place    | Note
-------+----------+-------------------------------------------
     0 | D:1      | dannycarnage the Minotaur Berserker began the quest for the
                  | Orb.
     0 | D:1      | Reached XP level 1. HP: 19/19 MP: 0/0
   257 | D:1      | Reached XP level 2. HP: 27/27 MP: 1/1
   262 | D:1      | Found a faded altar of an unknown god.
   297 | D:1      | Found Junaity's Distillery.
   435 | D:3      | Noticed Pargi
   458 | D:2      | Reached XP level 3. HP: 5/33 MP: 2/2
   667 | D:2      | Reached ** piety under Trog
   697 | D:3      | Noticed Grinder
   819 | D:2      | Found an ancient bone altar of Kikubaaqudgha.
  1137 | D:2      | Noticed Jessica
  1151 | D:2      | Killed Jessica
  1152 | D:2      | Reached XP level 4. HP: 38/41 MP: 3/3
  1991 | D:3      | Paralysed by Grinder for 2 turns
  2025 | D:2      | Killed Grinder
  2026 | D:2      | Reached skill level 5 in Fighting
  2026 | D:2      | Reached skill level 5 in Axes
  2026 | D:2      | Reached XP level 5. HP: 48/48 MP: 4/4
  2026 | D:2      | Reached XP level 6. HP: 56/56 MP: 5/5
  2274 | D:4      | Noticed an acid dragon
  2285 | D:4      | Killed an acid dragon
  2380 | D:4      | Found a blossoming altar of Fedhas.
  2406 | D:4      | Noticed a wyvern
  2414 | D:4      | Killed a wyvern
  2415 | D:4      | Reached skill level 5 in Armour
  2415 | D:4      | Reached XP level 7. HP: 62/62 MP: 6/6
  2511 | D:4      | Noticed Ijyb
  2532 | D:4      | Killed Ijyb
  2657 | D:4      | Noticed Eustachio
  2673 | D:4      | Killed Eustachio
  2674 | D:4      | Reached skill level 5 in Dodging
  3227 | D:5      | Entered Level 5 of the Dungeon
  3387 | D:5      | Reached XP level 8. HP: 63/70 MP: 7/7
  3418 | D:5      | Found an ancient bone altar of Kikubaaqudgha.
  3774 | D:5      | Reached *** piety under Trog
  4379 | D:6      | Found a hazy altar of Hepliaklqana.
  4573 | D:6      | Found a stormy altar of Qazlal.
  4601 | D:6      | Reached skill level 10 in Axes
  4610 | D:6      | Found a basalt altar of Yredelemnul.
  4730 | D:6      | Found a broken altar of Ashenzari.
  4730 | D:6      | Found a snail-covered altar of Cheibriados.
  4923 | D:6      | Reached XP level 9. HP: 75/75 MP: 8/8
  5116 | D:6      | Found a bloodstained altar of Trog.
  5346 | D:3      | Killed Pargi
  5554 | D:3      | Reached **** piety under Trog
  5735 | D:3      | Found a runed translucent door.
  5736 | D:3      | Noticed Crazy Yiuf
  5743 | D:3      | Killed Crazy Yiuf
  6105 | D:7      | Found a burning altar of Makhleb.
  6931 | D:7      | Found a glowing golden altar of the Shining One.
  7038 | D:7      | Found a staircase to the Ecumenical Temple.
  7165 | D:8      | Noticed Erica
  7172 | D:8      | Killed Erica
  7267 | D:8      | Reached XP level 10. HP: 83/83 MP: 9/9
  7389 | D:8      | Reached skill level 1 in Throwing
  7393 | D:8      | Found a staircase to the Lair.
  8102 | D:8      | Noticed Jeremiah
  8128 | D:8      | Killed Jeremiah
  8554 | D:9      | Found a runed translucent door.
  8574 | D:9      | Found a runed translucent door.
  8748 | D:9      | Found a runed translucent door.
  8762 | D:9      | Found a runed translucent door.
  8854 | D:9      | Identified the +0 robe of the Great Game {Int+2}
  9005 | D:9      | Found a sacrificial altar of Ru.
  9171 | D:9      | Reached skill level 5 in Throwing
  9610 | D:10     | Entered Level 10 of the Dungeon
 10042 | Lair:1   | Entered Level 1 of the Lair of Beasts
 10042 | Lair:1   | Noticed a boulder beetle
 10165 | Lair:1   | Killed a boulder beetle
 10166 | Lair:1   | Reached skill level 10 in Armour
 10406 | Lair:1   | Noticed Prince Ribbit
 10429 | Lair:1   | Killed Prince Ribbit
 10430 | Lair:1   | Reached skill level 10 in Fighting
 10446 | Lair:1   | Noticed a cane toad
 10451 | Lair:1   | Killed a cane toad
 10452 | Lair:1   | Reached skill level 1 in Evocations
 10452 | Lair:1   | Reached XP level 11. HP: 53/99 MP: 10/10
 11851 | Lair:1   | Noticed an oklob plant
 12383 | Lair:2   | Reached skill level 5 in Evocations
 12522 | Lair:2   | Found a staircase to the Shoals.
 12531 | Lair:2   | Found a runed translucent gate.
 12531 | Lair:2   | Found a runed translucent gate.
 12531 | Lair:2   | Found a runed translucent gate.
 12534 | Lair:2   | Noticed a nine-headed hydra
 12534 | Lair:2   | Noticed jazmu's ghost (journeyman DgHu)
 13363 | Lair:2   | Found a hole to the Spider Nest.
 13797 | Lair:3   | Reached XP level 12. HP: 94/117 MP: 11/11
 14266 | Lair:3   | Found a runed translucent gate.
 14266 | Lair:3   | Found a runed translucent gate.
 14266 | Lair:3   | Found a runed translucent gate.
 14267 | Lair:3   | Noticed Feulaj's ghost (journeyman MiBe)
 14267 | Lair:3   | Noticed Dikli's ghost (journeyman MiBe)
 14267 | Lair:3   | Noticed Xiemaice's ghost (journeyman DrFE)
 14268 | Lair:3   | Noticed NitroKuite's ghost (journeyman GrEE)
 14291 | Lair:3   | Noticed a catoblepas
 14315 | Lair:3   | Killed a catoblepas
 14316 | Lair:3   | Reached skill level 15 in Fighting
 14471 | Lair:3   | Noticed a five-headed hydra
 14481 | Lair:3   | Killed a five-headed hydra
 15305 | Lair:4   | Noticed a catoblepas
 15421 | Lair:4   | Found a viscous altar of Jiyva.
 15429 | Lair:4   | Found a staircase to the Slime Pits.
 16389 | Lair:4   | Killed a catoblepas
 16965 | Lair:4   | Identified the +5 arbalest of Alipoche {freeze, rN+}
 17046 | Lair:4   | Reached XP level 13. HP: 79/130 MP: 12/12
 18476 | D:10     | You fall into a shaft and drop 1 floor!
 18932 | D:11     | Found Nehium's Assorted Antiques.
 18941 | D:11     | Bought a scroll of identify for 48 gold pieces
 18941 | D:11     | Bought a bone ring for 120 gold pieces
 18941 | D:11     | Bought a forked lead wand for 96 gold pieces
 18941 | D:11     | Bought a scroll of identify for 48 gold pieces
 18941 | D:11     | Bought a twisted fluorescent wand for 96 gold pieces
 18941 | D:11     | Bought a dented filigree amulet for 120 gold pieces
 19790 | D:12     | Found a staircase to the Orcish Mines.
 20561 | D:12     | Noticed Sonja
 20564 | D:12     | Killed Sonja
 21592 | D:12     | Found a portal to a secret trove of treasure.
 21676 | Orc:1    | Entered Level 1 of the Orcish Mines
 21689 | Orc:1    | Noticed Maurice
 21715 | Orc:1    | Killed Maurice
 21941 | Orc:1    | Found Zohet's Antique Weapon Boutique.
 22106 | Orc:1    | Found Lepnoinn's Assorted Antiques.
 22355 | Orc:2    | Entered Level 2 of the Orcish Mines
 22355 | Orc:2    | Noticed an orc warlord
 22548 | Orc:2    | Found a staircase to the Elven Halls.
 22562 | Orc:2    | Reached ***** piety under Trog
 22926 | Orc:2    | Found Qoatz's Weapon Shop.
 22966 | Orc:2    | Reached skill level 15 in Armour
 23049 | Orc:2    | Killed an orc warlord
 23313 | Orc:2    | Paralysed by an orc sorcerer for 2 turns
 23605 | Orc:2    | Noticed an orc warlord
 24020 | Orc:2    | Paralysed by an orc sorcerer for 4 turns
 24040 | Orc:2    | Reached XP level 14. HP: 146/146 MP: 13/13
 24093 | Orc:2    | Killed an orc warlord
 24722 | Orc:2    | Noticed Erolcha
 24732 | Orc:2    | Killed Erolcha
 25281 | Orc:2    | Found Pesh's General Store.
 25283 | Orc:2    | Found Yqisank's Book Shoppe.
 25287 | Orc:2    | Found Eggaf's Antique Armour Shoppe.
 25287 | Orc:2    | Found Gecvie's Antique Weapon Emporium.
 25602 | Orc:2    | Bought a kite shield for 144 gold pieces
 25617 | Orc:2    | Bought 2 potions of haste for 300 gold pieces
 25617 | Orc:2    | Bought a scroll of identify for 30 gold pieces
 25617 | Orc:2    | Bought a scroll of fear for 60 gold pieces
 25680 | Orc:1    | Bought 2 scrolls of identify for 152 gold pieces
 25680 | Orc:1    | Bought a runed hat for 266 gold pieces
 25808 | D:13     | Reached skill level 1 in Shields
 26480 | D:13     | Received a gift from Trog
 27030 | D:13     | Noticed a frost giant
 27226 | Lair:5   | Entered Level 5 of the Lair of Beasts
 28418 | Lair:5   | Received a gift from Trog
 28525 | Lair:5   | Reached skill level 5 in Shields
 29496 | D:14     | Noticed Josephine
 29515 | D:14     | Killed Josephine
 29531 | D:14     | Reached skill level 15 in Axes
 29547 | D:14     | Reached ****** piety under Trog
 29558 | D:14     | Reached XP level 15. HP: 128/157 MP: 14/14
 30116 | D:14     | Found a gate to the Vaults.
 30148 | D:14     | Found a shadowy altar of Dithmenos.
 30682 | D:15     | Entered Level 15 of the Dungeon
 31387 | D:15     | Received a gift from Trog
 31587 | D:15     | Found a staircase to the Depths.
 31588 | D:15     | Noticed a fire giant
 31617 | D:15     | Killed a fire giant
 31698 | D:15     | Noticed Roxanne
 32310 | D:15     | Lost intelligence.
 32604 | D:15     | Found the +1 cloak of Starlight {*Dazzle EV+4 Stlth--}
 33002 | Shoals:1 | Entered Level 1 of the Shoals
 33185 | Shoals:1 | Noticed a kraken
 33608 | Shoals:1 | Found a runed translucent door.
 33614 | Shoals:1 | Found a corrupted altar of Lugonu.
 33616 | Shoals:1 | Found a one-way gate to the infinite horrors of the Abyss.
 35304 | Shoals:2 | Reached skill level 10 in Shields
 35861 | Shoals:3 | Reached XP level 16. HP: 149/169 MP: 15/15
 36199 | Shoals:3 | Received a gift from Trog
 37046 | Shoals:4 | Entered Level 4 of the Shoals
 37266 | Shoals:4 | Identified the +0 chain mail of the Fife {Will++ Dex+3}
 37560 | Shoals:4 | Found an ancient bone altar of Kikubaaqudgha.
 38869 | Shoals:4 | Reached skill level 10 in Throwing
 39643 | Shoals:3 | Identified the +5 trident of Bedazzled Dissent {antimagic,
                  | rElec Str+4} (Trog gifted it to you on level 3 of the
                  | Shoals)
 39643 | Shoals:3 | Received a gift from Trog
 39990 | Shoals:4 | Identified the +6 quarterstaff "Qodulora" {drain, rF+
                  | Will+}
 40226 | Shoals:4 | Got a barnacled rune of Zot
 40972 | Shoals:1 | Gained mutation: Your system is resistant to poisons.
                  | (rPois) [a neqoxec]
 40973 | Shoals:1 | Gained mutation: Your body sometimes deteriorates upon
                  | taking damage. [a neqoxec]
 40984 | Shoals:1 | Gained mutation: Your body often deteriorates upon taking
                  | damage. [a shining eye]
 41002 | Shoals:1 | Identified the +0 pair of gloves "Ableh" {+Blink rElec rF+
                  | Int-4}
 41076 | Spider:1 | Entered Level 1 of the Spider Nest
 41658 | Spider:1 | Reached XP level 17. HP: 170/179 MP: 16/16
 42948 | Spider:2 | Noticed Asterion
 42959 | Spider:2 | Killed Asterion
 43564 | Spider:2 | Reached skill level 1 in Maces & Flails
 43871 | Spider:2 | Reached skill level 5 in Maces & Flails
 44794 | Spider:3 | Identified the +0 leather armour "Buuhes" {Regen+}
 45477 | Spider:3 | Received a gift from Trog
 45928 | Spider:4 | Entered Level 4 of the Spider Nest
 46325 | Spider:4 | Noticed Agnes
 46331 | Spider:4 | Killed Agnes
 46486 | Spider:4 | Found a glacial archway.
 47587 | Spider:4 | Reached XP level 18. HP: 166/194 MP: 17/17
 47676 | Spider:4 | Received a gift from Trog
 48112 | Spider:4 | Got a gossamer rune of Zot
 48861 | Depths:1 | Entered Level 1 of the Depths
 49093 | Depths:1 | Found Yblecwi's Magic Scroll Shop.
 49098 | Depths:1 | Bought a scroll of silence for 133 gold pieces
 49098 | Depths:1 | Bought a scroll of identify for 28 gold pieces
 49098 | Depths:1 | Bought a scroll of identify for 28 gold pieces
 49098 | Depths:1 | Bought a scroll of summoning for 133 gold pieces
 49129 | D:15     | Lost mutation: Your body often deteriorates upon taking
                  | damage. [potion of mutation]
 49129 | D:15     | Lost mutation: Your body sometimes deteriorates upon taking
                  | damage. [potion of mutation]
 49129 | D:15     | Gained mutation: Armour fits poorly on your strangely
                  | shaped body. [potion of mutation]
 49129 | D:15     | Gained mutation: You are partially covered in large bone
                  | plates. (SH +4) [potion of mutation]
 49221 | Depths:1 | Found Bathoat's Book Boutique.
 49300 | Depths:1 | Noticed an Ice Fiend
 49797 | Elf:1    | Entered Level 1 of the Elven Halls
 49814 | Elf:1    | Received a gift from Trog
 49824 | Elf:1    | Found a radiant altar of Vehumet.
 50391 | Elf:1    | Identified the ring of Hobanuwydd {Str+2 Int+6 Dex+3
                  | Slay+2}
 50393 | Elf:1    | Lost intelligence.
 50484 | Elf:1    | Found a transporter.
 50513 | Elf:1    | Noticed p0werm0de's ghost (journeyman BaCK)
 50716 | Elf:1    | Paralysed by an air elemental for 1 turns
 50719 | Elf:1    | Paralysed by an air elemental for 1 turns
 50722 | Elf:1    | Paralysed by an air elemental for 1 turns
 50834 | Elf:1    | Paralysed by an air elemental for 1 turns
 50947 | Elf:1    | Identified the +1 robe of Unbearable Contentment {Rampage
                  | SInv}
 50977 | Elf:1    | Received a gift from Trog
 51190 | Elf:1    | Reached skill level 10 in Dodging
 51451 | Elf:1    | Identified the amulet "Siyvven" {Will+ Regen+}
 51456 | Elf:1    | Found a transporter.
 51462 | Elf:1    | Found a bloodstained altar of Trog.
 51637 | Elf:2    | Noticed Azrael
 51646 | Elf:2    | Killed Azrael
 51847 | Elf:1    | Found a radiant altar of Vehumet.
 52423 | Elf:2    | Found a runed translucent gate.
 52424 | Elf:2    | Found a runed translucent gate.
 52424 | Elf:2    | Found a runed translucent gate.
 52567 | Elf:3    | Entered Level 3 of the Elven Halls
 52581 | Elf:3    | Noticed Mara
 52609 | Elf:3    | Noticed dannycarnage's illusion
 52818 | Elf:3    | Noticed dannycarnage's illusion
 52823 | Elf:3    | Noticed dannycarnage's illusion
 52827 | Elf:3    | Killed Mara
 53010 | Elf:3    | Noticed Louise
 53028 | Elf:3    | Killed Louise
 53029 | Elf:3    | Reached XP level 19. HP: 186/204 MP: 12/18
 53274 | Elf:3    | Found a hide-covered altar of Uskayaw.
 53382 | Elf:3    | Received a gift from Trog
 54899 | Elf:3    | Received a gift from Trog
 54902 | Elf:3    | Identified the ring of the Philosopher {Will+ Str+2}
 55129 | Elf:3    | Identified the +1 robe "Patoudou" {Int+3 Archmagi}
 55195 | Elf:3    | Identified the +3 ring mail "Raanwam" {Dex+3}
 55330 | Elf:3    | Identified a scroll of acquirement
 55339 | Elf:3    | Acquired the ring "Usaolo" {+Blink rC++ rN+ Str+6 Int-5}
 55419 | Elf:3    | Found the +8 Wrath of Trog {antimagic, *Rage Rampage}
 55434 | Elf:3    | Reached XP level 20. HP: 214/214 MP: 19/19
 56829 | Depths:1 | Found a one-way gate leading to the halls of Pandemonium.
 56974 | Depths:1 | Found Baosoa's Assorted Antiques.
 57283 | Depths:1 | Found a gateway to Hell.
 57665 | Depths:3 | Received a gift from Trog
 57707 | Depths:3 | Found Ette Hocs's Antique Weapon Emporium.
 57818 | Depths:3 | Found Niast's Antique Weapon Boutique.
 57827 | Depths:3 | Found a flickering gateway to a bazaar.
 57847 | Bazaar   | Entered a bazaar
 57847 | Bazaar   | Found Fuacy's Antique Armour Shop.
 57847 | Bazaar   | Found Gewa's Antique Weapon Shop.
 57919 | Bazaar   | Found Veiting's Book Boutique.
 57919 | Bazaar   | Found Jakhlule's Magic Scroll Boutique.
 57935 | Bazaar   | Bought a scroll of enchant weapon for 90 gold pieces
 57935 | Bazaar   | Bought a scroll of blinking for 90 gold pieces
 57935 | Bazaar   | Bought a scroll of enchant weapon for 90 gold pieces
 57938 | Bazaar   | Found Jalar's General Store.
 58091 | Depths:4 | Entered Level 4 of the Depths
 58134 | Depths:4 | Reached XP level 21. HP: 222/222 MP: 20/20
 58135 | Depths:4 | Found a one-way gateway to a ziggurat.
 58331 | Depths:4 | Reached skill level 15 in Shields
 58381 | Depths:4 | Found a gate to the Realm of Zot.
 58386 | Depths:4 | Got a midnight gem with 617 turns to spare
 58643 | Depths:4 | Received a gift from Trog
 58821 | Depths:3 | Reached skill level 27 in Fighting
 59014 | Depths:3 | Lost the midnight gem through the power of Zot.
 59129 | Depths:3 | Found Jooxtye's Antique Weapon Boutique.
 59175 | Depths:3 | Found Laikhut's Jewellery Shoppe.
 59525 | Depths:3 | Identified the +7 sling "Giant's Bane" {heavy, Str+2 SInv}
 60318 | Depths:1 | Found Yblecwi's Magic Scroll Shop.
 60634 | Depths:1 | Found Bathoat's Book Boutique.
 61008 | Depths:1 | Found a one-way gate leading to the halls of Pandemonium.
 61033 | Depths:1 | Found Baosoa's Assorted Antiques.
 62170 | Depths:2 | Received a gift from Trog
 63940 | Depths:2 | Identified the staff "Xyamul" {rElec rPois rC+ Int-4 Conj}
 64094 | Depths:4 | Reached skill level 15 in Dodging
 64412 | Depths:4 | Found a shimmering blue altar of Sif Muna.
 64957 | Vaults:1 | Entered Level 1 of the Vaults
 65097 | Vaults:1 | Reached XP level 22. HP: 232/233 MP: 21/21
 65189 | Vaults:1 | Received a gift from Trog
 65210 | Vaults:1 | Identified the +6 hand cannon of the Endless March {drain,
                  | Str+2 Int+3}
 65435 | Vaults:1 | Noticed Zenata
 65443 | Vaults:1 | Killed Zenata
 66214 | Vaults:1 | Received a gift from Trog
 66742 | Vaults:2 | Noticed Nikola
 66758 | Vaults:2 | Killed Nikola
 67043 | Vaults:2 | Found a transporter.
 67044 | Vaults:2 | Noticed Skimidon's ghost (adept DsMo)
 67048 | Vaults:2 | Found a transporter.
 67477 | Vaults:2 | Identified the +2 glaive of Bieh {heavy, rF+} (Trog gifted
                  | it to you on level 2 of the Vaults)
 67477 | Vaults:2 | Received a gift from Trog
 68136 | Vaults:2 | Identified the +2 robe of Patterns {rElec rN+}
 68143 | Vaults:2 | Noticed Boris
 68153 | Vaults:2 | Killed Boris
 68472 | Vaults:2 | Killed Skimidon's ghost
 69541 | Vaults:2 | Found a transporter.
 69546 | Vaults:2 | Found a transporter.
 69632 | Vaults:2 | Found Anaodul's Armour Shop.
 70047 | Vaults:3 | Received a gift from Trog
 70050 | Vaults:3 | Identified the orb of Hopscotch {light, *Slow rElec rC+++
                  | Int-3}
 70050 | Vaults:3 | Noticed Frederick
 70062 | Vaults:3 | Killed Frederick
 70248 | Vaults:3 | Noticed Norris
 70274 | Vaults:3 | Killed Norris
 70495 | Vaults:3 | Reached XP level 23. HP: 233/240 MP: 22/22
 70628 | Vaults:3 | Found a staircase to the Crypt.
 71527 | Vaults:3 | Received a gift from Trog
 72364 | Vaults:4 | Found Rideboe's Antique Weapon Shop.
 72373 | Vaults:4 | Bought a shimmering war axe for 314 gold pieces
 72373 | Vaults:4 | Identified the +5 war axe of Ignis {protect, rF+ Dex+3
                  | Stlth+} (You bought it in a shop on level 4 of the Vaults)
 72527 | Vaults:4 | Identified the +2 orcbow of the Purse {heavy, rN+}
 72998 | Vaults:4 | Identified the +2 whip "Viopp" {heavy, rF+ Int+4 Dex-5}
 73149 | Vaults:4 | Acquired the +10 broad axe of Vyocwif {flame, Will+}
 73841 | Vaults:5 | Entered Level 5 of the Vaults
 73868 | Vaults:5 | Received a gift from Trog
 74401 | Vaults:5 | Received a gift from Trog
 74682 | Vaults:5 | Identified the ring "Vaedupt" {AC+4 Dex+2}
 74805 | Vaults:5 | Reached XP level 24. HP: 141/249 MP: 22/22
 75360 | Vaults:5 | Gained mutation: Your body sometimes deteriorates upon
                  | taking damage. [a shining eye]
 75415 | Vaults:5 | Received a gift from Trog
 75633 | Vaults:5 | Noticed Sojobo
 75643 | Vaults:5 | Killed Sojobo
 76129 | Vaults:5 | Noticed an ancient lich
 76145 | Vaults:5 | Killed an ancient lich
 76751 | Vaults:5 | Identified the +8 whip of Abomination {flame, rF+ MP+9
                  | Dex+2 Stlth+}
 77011 | Vaults:5 | Identified the +4 pair of boots of Intuition {rElec Will+
                  | Int+2}
 77058 | Vaults:5 | Got a silver rune of Zot
 77333 | Vaults:2 | Bought the +11 plate armour "Xachiocs" {Rampage +Blink rN+}
                  | for 1346 gold pieces
 77353 | Vaults:2 | Lost mutation: Your system is resistant to poisons. (rPois)
                  | [potion of mutation]
 77353 | Vaults:2 | Lost mutation: You are partially covered in large bone
                  | plates. (SH +4) [potion of mutation]
 77353 | Vaults:2 | Gained mutation: You are somewhat resistant to further
                  | mutation. [potion of mutation]
 77354 | Vaults:2 | Lost mutation: Your body sometimes deteriorates upon taking
                  | damage. [potion of mutation]
 77354 | Vaults:2 | Lost mutation: Armour fits poorly on your strangely shaped
                  | body. [potion of mutation]
 77354 | Vaults:2 | Gained mutation: You are somewhat resistant to both further
                  | mutation and mutation removal. [potion of mutation]
 77916 | Zot:1    | Entered Level 1 of the Realm of Zot
 77917 | Zot:1    | Noticed Grunn
 77933 | Zot:1    | Killed Grunn
 78288 | Depths:4 | Received a gift from Trog
 78730 | Zot:1    | Noticed a Killer Klown
 78746 | Zot:1    | Killed a Killer Klown
 78915 | Zot:1    | Found a shimmering altar of Xom.
 78939 | Zot:1    | Noticed a Killer Klown
 78951 | Zot:1    | Killed a Killer Klown
 79212 | Zot:1    | Found a shimmering altar of Xom.
 79212 | Zot:1    | Found a glowing silver altar of Zin.
 79259 | Zot:1    | Found a shimmering altar of Xom.
 79649 | Zot:2    | Noticed Vv
 79675 | Zot:2    | Killed Vv
 79948 | Zot:2    | Noticed a Killer Klown
 79969 | Zot:2    | Killed a Killer Klown
 80096 | Zot:2    | Noticed a Killer Klown
 80128 | Zot:2    | Killed a Killer Klown
 80136 | Zot:2    | Reached XP level 25. HP: 143/257 MP: 22/22
 80415 | Zot:2    | Noticed a Killer Klown
 80428 | Zot:2    | Killed a Killer Klown
 80428 | Zot:2    | Received a gift from Trog
 81714 | D:12     | You paid a toll of +4 storm dragon scales to enter a
                  | treasure trove
 81715 | Trove    | Entered a treasure trove
 81719 | Trove    | Found the +10 tower shield of Ignorance {rN+ Int-4}
 81729 | Trove    | Identified the +3 plate armour "Extilaf" {Rampage Str+4
                  | Int+3}
 81731 | Trove    | Identified the +0 pair of gloves "Weazorewn" {MP+9 Dex+3}
 81732 | Trove    | Identified the +0 chain mail of the Sun {Harm +Inv Stlth+}
 81735 | Trove    | Identified the +4 tower shield of Ru's Outrage {Rampage
                  | +Blink}
 81737 | Trove    | Identified the +0 plate armour of Moudgh {Slay+3}
 81738 | Trove    | Identified the +6 scale mail "Fulubb" {Harm Str+8 Int+5
                  | Stlth-}
 81740 | Trove    | Identified the +2 pair of boots "Desi Jilia" {rC+ Dex-2
                  | Stlth+}
 81741 | Trove    | Identified the +8 tower shield of Towiporuan {rPois rN++}
 82107 | Zot:3    | Reached skill level 27 in Armour
 82588 | Zot:3    | Found a stormy altar of Qazlal.
 83191 | Zot:4    | Received a gift from Trog
 83538 | Zot:4    | Found a runed translucent door.
 83538 | Zot:4    | Noticed Juzit's ghost (legendary GnFi)
 83972 | Zot:5    | Entered Level 5 of the Realm of Zot
 85234 | Zot:5    | Noticed a dread lich
 85235 | Zot:5    | Paralysed by a dread lich for 4 turns
 85246 | Zot:5    | Killed a dread lich
 85415 | Zot:5    | Noticed an orb of fire
 85424 | Zot:5    | Noticed an orb of fire
 85429 | Zot:5    | Killed an orb of fire
 85432 | Zot:5    | Noticed an orb of fire
 85434 | Zot:5    | Noticed a Killer Klown
 85442 | Zot:5    | Killed an orb of fire
 85448 | Zot:5    | Killed an orb of fire
 85461 | Zot:5    | Killed a Killer Klown
 86030 | Zot:5    | Got the Orb of Zot
 86074 | Zot:5    | Noticed an ancient lich
 86083 | Zot:5    | Killed an ancient lich
 86249 | Depths:4 | Reached XP level 26. HP: 266/266 MP: 22/22
 86331 | D:15     | Noticed a seraph
 86631 | D:$      | Escaped with the Orb!

Illustrated notes

Levels and vault maps discovered:
D:1:      shiori_shiawase, layout_loops_ring, ebering_ecumenical_altar_hall,
          serial_shops, nicolae_shop_industrial_runoff
D:2:      layout_basic, basic_altar, minmay_statues_item, nrook_mini_vaults,
          uniq_jessica
D:3:      layout_rooms, saegor_snake_ambush, uniq_crazy_yiuf_cottage,
          uniq_grinder, uniq_pargi
D:4:      layout_gridville, mainiacjoe_overflow_alcove_1, minmay_manual_mail,
          uniq_ijyb, uniq_eustachio
D:5:      layout_rooms, nicolae_overflow_crystal_walls
D:6:      minmay_evil_eye, layout_loops_cross, mainiacjoe_overflow_chevrons,
          yredelemnul_altar_generic, mainiacjoe_overflow_alcove_4,
          worldfamousw_hep_ancestral_shrine, jmf_multi_god_temple
D:7:      layout_gridville, lemuel_coloured_pillars_altar,
          mainiacjoe_overflow_brackets, minmay_temple_entry_nine_rooms
D:8:      layout_basic, erik_lair_orcish_takeover, uniq_jeremiah, uniq_erica
D:9:      layout_long_grid, old_standard_altar, minmay_statue_crystal_thing
D:10:     layout_roguey
D:11:     layout_stronghold, serial_shops, nicolae_shop_stone,
          minmay_tree_intersection
D:12:     layout_roguey, orc_0_dummy, enter_trove_5, uniq_sonja
D:13:     layout_basic, minmay_gold_behind_fungi, kennysheep_four_rooms
D:14:     layout_basic, david_vaults_2, grunt_dithmenos_smoke, uniq_josephine
D:15:     grunt_enter_depths_giant_problem, layout_loops_ring,
          ebering_dispersal_statue_hall, corner_web_ring,
          hellmonk_guarded_unrand_starlight, uniq_roxanne
Lair:1:   minmay_lair_oklob_tunnel, layout_small_grid, hibernation_bobbens,
          uniq_prince_ribbit2
Lair:2:   layout_layer_cave, shoals_dummy_entry, dummy_spider_entry,
          gammafunk_ghost_hydra_chop, grunt_megastairs_2
Lair:3:   layout_gridlike, gammafunk_ghost_cemetery, minivault_27,
          chequers_serial_rivers_room_b, minivault_11
Lair:4:   regret_index_malice_mire, layout_regular_city, slime_entry_1,
          gauntlet_entry_generic, serial_bayou_lake_a, lemuel_fruit_tree
Lair:5:   minmay_lair_end_enchanted_forest, layout_cellular_growth
Shoals:1: layout_shoals, nicolae_shoals_abyss_on_the_beach
Shoals:2: layout_shoals, abandoned_shop, nicolae_shoals_water_shrine
Shoals:3: layout_shoals, nicolae_shoals_dead_sea_scrolls
Shoals:4: shoals_end_hangedman, layout_shoals, lemuel_oklob_altar
Spider:1: layout_spider_delve
Spider:2: layout_spider_delve, uniq_asterion
Spider:3: layout_spider_delve
Spider:4: grunt_spider_rune_parallel, portal_ice_cave_entry_ice_simulacra,
          uniq_agnes
Orc:1:    layout_caves, serial_shops, shop, nicolae_shop_hallway_stairs,
          nicolae_orc_beogh_chapel, mines3_lemuel, uniq_maurice
Orc:2:    st_orc_congregation, layout_caves, serial_shops,
          nicolae_shop_advertising_works [nicolae_subvault_shop_adworks],
          nicolae_orc_minecarts, uniq_erolcha
Elf:1:    eino_elf_arrival_altar, layout_gridlike, serial_corexii_hall,
          corexii_hall_statues_x, chequers_hall_statues_y,
          gammafunk_ghost_wrathful_warriors, nicolae_elf_blasts_and_bolts,
          lemuel_upstairs_altar
Elf:2:    nicolae_elf_blades_crystal_corner, layout_geoelf_grid, uniq_azrael
Elf:3:    minmay_elf_hall_furrowed, layout_geoelf_castle, grunt_ministairs_5,
          nicolae_elf_altarnating, uniq_mara, uniq_louise
Vaults:1: v_rooms_4, vaults_dpeg_cross, nicolae_vaults_an_arrangement,
          nicolae_vaults_more_shelving_1, nicolae_vaults_house_3,
          nicolae_vaults_closet_pinwheel_4, ontoclasm_vaults_ligature,
          layout_vaults_omnigrid, uniq_zenata
Vaults:2: gammafunk_ghost_abyssal_escape, nicolae_vaults_network_periphery,
          v_misc_29, nicolae_vaults_holding_cells, ontoclasm_vaults_ring_small,
          nicolae_vaults_tangram_2, vaults_room_octagon,
          nicolae_vaults_little_squares_5, nicolae_vaults_storage_closets_2,
          grunt_vaults_swirl, nicolae_vaults_heist, nicolae_vaults_theta,
          nicolae_vaults_taking_the_gang_shopping, nicolae_vaults_diamond_1,
          nicolae_vaults_tetromino_L_1, nicolae_vaults_trapezoid_layered,
          layout_vaults_omnicross, uniq_nikola, uniq_boris
Vaults:3: v_misc_19, vaults_room_pools, nicolae_vaults_little_ls,
          nicolae_vaults_lightning_bolt, vaults_dpeg_spiral, vaults_dpeg_ring,
          v_misc_17, nicolae_vaults_specimen_jars,
          nicolae_vaults_doubleplus_tesselated,
          nicolae_vaults_diffraction_hallways, nicolae_vaults_double_plus_2,
          nicolae_vaults_network_star, nicolae_vaults_diagonal_hallway_6,
          vaults_room_fours, ontoclasm_vaults_decontamination,
          layout_vaults_maze, dummy_crypt_entry, uniq_norris, uniq_frederick
Vaults:4: nicolae_vaults_wine_cellar, nicolae_vaults_heart-shaped_vault,
          v_rooms_6, nicolae_vaults_big_ls, nicolae_vaults_loss_of_containment,
          nicolae_vaults_angled_halls, ontoclasm_vaults_claustrophobia,
          v_misc_22, dpeg_vaults_monster_row, v_misc_19,
          nicolae_vaults_surprise_closet, nicolae_vaults_two_Ls,
          nicolae_vaults_trapezoid_1, layout_vaults_chaotic_city, serial_shops,
          shop
Vaults:5: uniq_sojobo
Depths:1: layout_honeycomb, serial_shops, shop, shop, shop, hellmouth_1,
          rand_demon_pan_entry_5, abyss_entry, minmay_misc_feat_secret_circle,
          ice2_lemuel
Depths:2: kennysheep_scales, layout_cave_pools, lightli_too_deep,
          rand_demon_pan_entry_8, nicolae_figureground_sparkle
Depths:3: minmay_bad_star, layout_gridlike, abyss_entry, serial_shops,
          bzr_entry_lakeside, shop, shop, nicolae_shop_real_fake_doors, shop,
          hell_entry
Depths:4: evilmike_zot_entry_diamond, layout_twisted_cross, enter_ziggurat_c,
          lemuel_blue_sif_altar, abyss_entry_crystal,
          grunt_hell_entry_dis_grunt, serial_bayou_shore_b
Zot:1:    dreamdust_zin_vs_xom, layout_onion_interference, st_stairs_5,
          uniq_grunn, uniq_josephina
Zot:2:    grunt_zot_stairs_faceoff, layout_gridlike, uniq_vv
Zot:3:    layout_misc_corridors, regret_index_zotdec_storm_pass,
          grunt_megastairs_3
Zot:4:    gammafunk_mikee_crab_dinner, layout_gridlike,
          hellmonk_ghost_happy_afterlife
Zot:5:    layout_basic

Skill      XL: |  1  2  3  4  5  6  7  8  9 10 11 12 13 14 15 16 17 18 19 20 21 22 23 24 25 |
---------------+----------------------------------------------------------------------------+-----
Fighting       | 4 5 6 10 14 16 19 20 22 23 25 26 27 | 27.0
Axes           | 4 5 6 8 10 14 15 16 | 16.0
Armour         | 3 4 5 7 8 10 12 15 16 18 19 20 22 23 25 26 27 | 27.0
Dodging        | 3 4 5 7 8 10 12 13 15 17 19 20 23 | 23.2
Throwing       | 5 7 10 | 10.0
Evocations     | 1 5 8 |  8.0
Shields        | 5 10 12 14 17 19 21 22 25 | 25.2
Maces & Flails | 5 |  5.0

Action                     |  1- 3 |  4- 6 |  7- 9 | 10-12 | 13-15 | 16-18 | 19-21 | 22-24 | 25-27 || total
---------------------------+-------+-------+-------+-------+-------+-------+-------+-------+-------++-------
  Melee: Hand axe          |    66 |    66 |   305 |   677 |   783 |       |       |       |       ||  1897
         Headbutt          |    12 |     9 |    60 |   145 |   400 |   372 |   238 |   519 |   182 ||  1937
         Punch             |       |       |     4 |     8 |     9 |       |       |       |       ||    21
         War axe           |       |       |       |       |   739 |   612 |       |    15 |       ||  1366
         Morningstar       |       |       |       |       |    33 |       |       |       |       ||    33
         Demon whip        |       |       |       |       |       |   901 |   738 |  1443 |   462 ||  3544
  Throw: Dart              |       |       |     1 |     7 |     9 |       |       |       |       ||    17
         Boomerang         |       |       |       |     3 |   133 |   321 |   191 |   267 |    46 ||   961
         Throwing net      |       |       |       |       |     1 |       |       |       |       ||     1
 Invoke: Berserk           |     1 |     3 |     3 |    12 |     9 |     5 |       |     2 |       ||    35
         Trog's Hand       |       |     1 |       |     6 |     2 |     4 |     1 |     7 |     3 ||    24
         Brothers in Arms  |       |       |     1 |     2 |     7 |     6 |     2 |     4 |     2 ||    24
  Evoke: Wand              |       |       |       |     7 |     6 |    14 |       |       |     1 ||    28
         Phial of floods   |       |       |       |       |       |       |       |     1 |       ||     1
    Use: Scroll            |       |       |     5 |     4 |     7 |    25 |     8 |    11 |     8 ||    68
         Potion            |       |       |       |     1 |       |     2 |     2 |     5 |     9 ||    19
   Stab: Invisible         |       |       |       |       |       |    17 |     5 |    14 |     3 ||    39
         Distracted        |       |       |       |       |       |     9 |    17 |    31 |     9 ||    66
 Armour: Ring mail         |     7 |       |       |       |       |       |       |       |       ||     7
         Chain mail        |    59 |    52 |    48 |       |       |   567 |   271 |   190 |       ||  1187
         Plate armour      |       |       |   151 |   467 |   980 |   257 |       |    75 |       ||  1930
         Gold dragon scale |       |       |       |       |       |       |       |    54 |   126 ||   180
  Dodge: Dodged            |    47 |    22 |   111 |   196 |   347 |   490 |   203 |   293 |    83 ||  1792
  Block: Other             |       |       |       |       |    77 |       |       |       |       ||    77
         Reflection        |       |       |       |       |    34 |    43 |    40 |   167 |     3 ||   287
         Kite shield       |       |       |       |       |   430 |   890 |   566 |   878 |    72 ||  2836
         Tower shield      |       |       |       |       |       |       |       |       |   270 ||   270
